 Dungeon Crawl Stone Soup version 0.30-a0-585-g93115170b9 (webtiles) character file.

Game seed: 8600784995609120166

3122 themarg the Martial Artist (level 9, -3/68 HPs)
             Began as a Gnoll Transmuter on Jan 2, 2023.
             Was an Initiate of Gozag.
             Slain by an orc
             ... wielding a +0 flail
              (8 damage)
             ... on level 7 of the Dungeon.
             The game lasted 00:18:40 (6337 turns).

themarg the Martial Artist (Gnoll Transmuter)       Turns: 6337, Time: 00:18:41

Health: -3/68      AC:  2    Str:  9    XL:     9   Next: 91%
Magic:  18/19      EV: 24    Int: 16    God:    Gozag
Gold:   274        SH:  0    Dex: 19    Spells: 12/22 levels left

rFire   + . .      SeeInvis .      - Unarmed
rCold   . . .      Faith    .    (shield currently unavailable)
rNeg    . . .      Spirit   .    (body armour currently unavailable)
rPois   .          Reflect  .    (helmet currently unavailable)
rElec   .          Harm     .    (cloak currently unavailable)
rCorr   .          Rampage  .    (gloves currently unavailable)
Will    .....                    (boots currently unavailable)
Stlth   +                        (no amulet)
HPRegen 0.31/turn                v - ring of protection from fire
MPRegen 0.16/turn                G - ring of poison resistance

@: confused, mighty, about to teleport, spider-form, gold aura
A: venomous fangs, tiny, (fangs 1), strong nose, distributed training
a: End Transformation, Renounce Religion, Potion Petition, Call Merchant, Bribe
Branch


You were on level 7 of the Dungeon.
You worshipped Gozag.
Gozag was aware of your devotion.
You were a venomous arachnid creature.
You visited 2 branches of the dungeon, and saw 8 of its levels.
You also visited: Sewer.

You collected 493 gold pieces.
You spent 150 gold pieces at shops.
You paid 69 gold pieces to Gozag.

Inventory:

Hand Weapons
 r - a +0 rapier (melded)
Missiles
 i - 48 stones
 l - 7 boomerangs
 z - 6 poisoned darts
 K - 4 atropa-tipped darts
Armour
 a - a +0 robe (melded)
 c - a +2 cloak (melded)
 n - a +0 pair of gloves (melded)
 x - a +2 helmet (melded)
 L - the +2 pair of boots "Wamnoepno" {Int+3}
   (You found it on level 6 of the Dungeon)

   Int:       It affects your intelligence (+3).
Jewellery
 v - a ring of protection from fire (left front leg)
 G - a ring of poison resistance (right front leg)
 H - a ring of ice
Wands
 k - a wand of roots (12)
 I - a wand of paralysis (7)
Scrolls
 e - 5 scrolls of fear
 g - 6 scrolls of teleportation
 j - 2 scrolls of magic mapping {unknown}
 p - a scroll of noise {unknown}
 q - a scroll of poison {unknown}
 s - a scroll of blinking {unknown}
 t - 2 scrolls of brand weapon {unknown}
 u - a scroll of butterflies {unknown}
 y - a scroll of immolation {unknown}
 A - 2 scrolls of silence {unknown}
 D - a scroll of enchant weapon {unknown}
Potions
 b - 2 potions of lignification
 d - 4 potions of curing
 f - 2 potions of might
 h - 6 potions of brilliance
 m - a potion of experience {unknown}
 o - 3 potions of mutation
 w - a potion of attraction {unknown}
 B - 2 potions of resistance
 C - 2 potions of heal wounds {unknown}
 E - a potion of haste {unknown}
 J - a potion of flight {unknown}


   Skills:
 + Level 5.6 Fighting
 + Level 4.9 Short Blades
 + Level 4.9 Long Blades
 + Level 4.9 Axes
 + Level 4.9 Maces & Flails
 + Level 4.9 Polearms
 + Level 4.9 Staves
 + Level 4.9 Ranged Weapons
 + Level 4.9 Throwing
 + Level 4.9 Armour
 + Level 6.8 Dodging
 + Level 4.9 Stealth
 + Level 4.9 Shields
 + Level 8.2 Unarmed Combat
 + Level 7.1 Spellcasting
 + Level 4.0 Conjurations
 + Level 4.0 Hexes
 + Level 4.0 Summonings
 + Level 4.0 Necromancy
 + Level 4.0 Translocations
 + Level 5.6 Transmutations
 + Level 4.0 Fire Magic
 + Level 4.0 Ice Magic
 + Level 4.0 Air Magic
 + Level 4.0 Earth Magic
 + Level 4.0 Poison Magic
 + Level 5.3 Invocations
 + Level 4.9 Evocations


You had 12 spell levels left.
You knew the following spells:

 Your Spells              Type           Power      Damage    Failure   Level
a - Beastly Appendage     Tmut           46%        N/A       6%          1
b - Wereblood             Tmut           23%        N/A       8%          2
c - Spider Form           Tmut/Pois      21%        N/A       14%         3
d - Ice Form              Ice/Tmut       21%        N/A       36%         4

Your spell library contained the following spells:

 Spells                   Type           Power      Damage    Failure   Level
 Gell's Gravitas          Tloc           18%        N/A       19%         3
 Teleport Other           Tloc           18%        N/A       19%         3
 Dispersal                Tloc           9%         N/A       99%         6


Dungeon Overview and Level Annotations

Branches:
Dungeon (7/15)             Temple (1/1) D:5           Sewer (visited)

Altars:
Ashenzari
Cheibriados
Dithmenos
Elyvilon
Fedhas
Gozag
Hepliaklqana
Nemelex Xobeh
Okawaru
Qazlal
Ru
Sif Muna
Trog
Uskayaw
Vehumet
Wu Jian
Xom
Yredelemnul
Zin
The Shining One

Shops:
D:6 *[

Annotations:
D:3 1 runed translucent door, wormed's ghost, amateur KoDe


Innate Abilities, Weirdness & Mutations

You are a venomous arachnid creature.
You have poisonous fangs.
You are tiny and dextrous.
Your spellcasting is less reliable in this form.
Your armour is entirely melded.
You are incapable of wielding weapons or throwing items.
((You have very sharp teeth.))
Your uncanny sense of smell can sniff out nearby items.
Your experience applies equally to all skills.


Message History

The orc barely misses you.
You hear some strange, mumbled words.
A magic dart appears from out of thin air!
The magic dart hits you.
* * * LOW HITPOINT WARNING * * *
You hit the orc warrior.
The orc warrior looks as sick as possible!
The orc warrior is moderately wounded.
The orc warrior misses you. The orc hits you with a +0 flail.
* * * LOW HITPOINT WARNING * * *
The orc misses you. Something hits you.
* * * LOW HITPOINT WARNING * * *
You hit the orc warrior.
The orc warrior looks as sick as possible!
The orc warrior is heavily wounded.
As you read the scroll of teleportation, it crumbles to dust.
You feel strangely unstable. The orc warrior misses you.
The orc completely misses you. x2
You hear some strange, mumbled words.
You are confused.
You're too confused to move!
The orc warrior hits you with a +0 trident.
* * * LOW HITPOINT WARNING * * *
The orc hits you with a +0 flail.
* * * LOW HITPOINT WARNING * * *
An orc warrior comes into view. It is wielding a +0 hand axe.
The orc completely misses you. Something hits you.
* * * LOW HITPOINT WARNING * * *
You barely miss something.
The orc warrior shouts!
You hear a shout!
The orc warrior completely misses you. The orc barely misses you.
The orc closely misses you.
You hit the orc.
The orc is poisoned.
The orc is severely wounded.
You kill the orc!
The orc warrior barely misses you. Something hits you.
* * * LOW HITPOINT WARNING * * *
The orc hits you with a +0 flail!
You die...
Your body crumbles into a pile of gold.

#.......##..##.....
#####...... #.........
###.#....##.# #.......#
.......o....###.......#.
.........$...##.>.......
.........#$$$...........
........##.$$........#
......oo##$$$....<##.#
......os.$.......## ##
...#..##$$.......# #.
#...........# #
..........#.##
##........##...
#........###....
......?.....####
o............


You could see 2 orc warriors and 2 orcs.

Vanquished Creatures
  A deep elf pyromancer (D:7)
  Prince Ribbit (D:5)
  A wyvern (D:6)
  Edmund (D:6)
  A black bear (D:6)
  2 sky beasts (D:7)
  4 ogres
  A centaur (D:7)
  2 phantoms
  3 bullfrogs
  A necrophage (D:4)
  A gnoll sergeant (D:6)
  4 scorpions
  2 howler monkeys (D:7)
  5 hounds
  An orc priest (D:6)
  2 jellies
  2 iguanas
  2 orc wizards
  19 adders
  6 gnolls
  4 river rats
  A shadow imp (D:5)
  2 white imps
  7 worms
  5 dart slugs
  22 orcs
  15 ball pythons
  5 endoplasms
  9 giant cockroaches
  6 goblins
  8 hobgoblins
  A quokka (D:2)
  5 bats
  5 frilled lizards
  4 kobolds
  33 rats
194 creatures vanquished.

Notes
Turn   | Place    | Note
-------+----------+-------------------------------------------
     0 | D:1      | themarg the Gnoll Transmuter began the quest for the Orb.
     0 | D:1      | Reached XP level 1. HP: 17/17 MP: 6/6
    50 | D:1      | Reached XP level 2. HP: 23/23 MP: 7/7
    67 | D:1      | Learned a level 2 spell: Wereblood
   396 | D:1      | Reached skill level 5 in Spellcasting
   396 | D:1      | Reached XP level 3. HP: 28/28 MP: 6/9
   503 | D:1      | Learned a level 3 spell: Spider Form
   689 | D:2      | Reached skill level 1 in Invocations
   759 | D:2      | Reached skill level 1 in Short Blades
   759 | D:2      | Reached skill level 1 in Long Blades
   759 | D:2      | Reached skill level 1 in Axes
   759 | D:2      | Reached skill level 1 in Maces & Flails
   759 | D:2      | Reached skill level 1 in Polearms
   759 | D:2      | Reached skill level 1 in Staves
   759 | D:2      | Reached skill level 1 in Ranged Weapons
   759 | D:2      | Reached skill level 1 in Throwing
   759 | D:2      | Reached skill level 1 in Armour
   759 | D:2      | Reached skill level 1 in Stealth
   759 | D:2      | Reached skill level 1 in Shields
   759 | D:2      | Reached skill level 1 in Evocations
   771 | D:2      | Reached XP level 4. HP: 34/34 MP: 8/11
   783 | D:2      | Reached skill level 1 in Conjurations
   783 | D:2      | Reached skill level 1 in Hexes
   783 | D:2      | Reached skill level 1 in Summonings
   783 | D:2      | Reached skill level 1 in Necromancy
   783 | D:2      | Reached skill level 1 in Translocations
   783 | D:2      | Reached skill level 1 in Fire Magic
   783 | D:2      | Reached skill level 1 in Ice Magic
   783 | D:2      | Reached skill level 1 in Air Magic
   783 | D:2      | Reached skill level 1 in Earth Magic
   783 | D:2      | Reached skill level 1 in Poison Magic
  1304 | D:2      | Reached XP level 5. HP: 35/40 MP: 9/12
  1599 | D:3      | Found a runed translucent door.
  1600 | D:3      | Noticed wormed's ghost (amateur KoDe)
  2024 | D:3      | Found a shadowy altar of Dithmenos.
  2470 | D:4      | Reached skill level 5 in Dodging
  2470 | D:4      | Reached XP level 6. HP: 21/47 MP: 11/14
  2813 | D:4      | Reached skill level 7 in Unarmed Combat
  2813 | D:4      | Reached XP level 7. HP: 46/52 MP: 11/15
  3713 | D:5      | Entered Level 5 of the Dungeon
  3757 | D:5      | Found a sacrificial altar of Ru.
  3909 | D:5      | Found a glowing drain.
  3914 | Sewer    | Entered a sewer
  4159 | Sewer    | Reached XP level 8. HP: 43/60 MP: 11/16
  4353 | D:5      | Learned a level 4 spell: Ice Form
  4437 | D:5      | Found a staircase to the Ecumenical Temple.
  4448 | Temple   | Entered the Ecumenical Temple
  4627 | Temple   | Became a worshipper of Gozag Ym Sagoz the Greedy
  4662 | D:5      | Noticed Prince Ribbit
  4685 | D:5      | Killed Prince Ribbit
  5236 | D:6      | Noticed Edmund
  5252 | D:6      | Killed Edmund
  5253 | D:6      | Reached skill level 5 in Transmutations
  5399 | D:6      | Found Liuhamm Laiv's Assorted Antiques.
  5415 | D:6      | Reached XP level 9. HP: 66/66 MP: 14/18
  5579 | D:6      | Bought a potion of curing for 90 gold pieces
  5579 | D:6      | Bought a scroll of identify for 60 gold pieces
  5762 | D:6      | Found a radiant altar of Vehumet.
  5840 | D:6      | Identified the +2 pair of boots "Wamnoepno" {Int+3}
  5856 | D:6      | Found Xaipepo's Antique Armour Shop.
  5947 | D:6      | Found an ornate altar of the Wu Jian Council.
  6038 | D:6      | Reached skill level 5 in Fighting
  6223 | D:6      | Found a glowing golden altar of the Shining One.
  6287 | D:7      | Reached skill level 8 in Unarmed Combat
  6287 | D:7      | Noticed a deep elf pyromancer
  6303 | D:7      | Killed a deep elf pyromancer
  6304 | D:7      | Reached skill level 5 in Invocations
  6337 | D:7      | Slain by an orc

Illustrated notes

Levels and vault maps discovered:
D:1:      dpeg_arrival_rooms_with_view, layout_basic
D:2:      layout_loops_ring
D:3:      layout_loops_ring, mainiacjoe_overflow_cross_hatched,
          gammafunk_ghost_grave, nicolae_concentric_dashed_squares_mild
D:4:      wad_river_or_something, layout_basic
D:5:      layout_loops_cross, mainiacjoe_overflow_concentric_impassable,
          minmay_temple_entry_mist, lightli_sewer_entry_pipes,
          uniq_prince_ribbit1
D:6:      layout_gridville, lemuel_round_altar,
          pdpol_wu_jian_five_deadly_venoms, mainiacjoe_overflow_six_doors_small,
          serial_shops, nicolae_shop_hallway_plus, kennysheep_little_box,
          uniq_edmund
D:7:      layout_cave_pools, mainiacjoe_overflow_tiny_flanked,
          nicolae_shop_i_like_big_books, grunt_ministairs_9
Temple:   bh_familiar_temple

Skill      XL: |  1  2  3  4  5  6  7  8  9 |
---------------+----------------------------+-----
Spellcasting   | 5 6 7 |  7.1
Invocations    | 1 2 3 4 5 |  5.3
Short Blades   | 1 2 3 4 |  4.9
Long Blades    | 1 2 3 4 |  4.9
Axes           | 1 2 3 4 |  4.9
Maces & Flails | 1 2 3 4 |  4.9
Polearms       | 1 2 3 4 |  4.9
Staves         | 1 2 3 4 |  4.9
Ranged Weapons | 1 2 3 4 |  4.9
Throwing       | 1 2 3 4 |  4.9
Armour         | 1 2 3 4 |  4.9
Stealth        | 1 2 3 4 |  4.9
Shields        | 1 2 3 4 |  4.9
Evocations     | 1 2 3 4 |  4.9
Conjurations   | 1 2 3 4 |  4.0
Hexes          | 1 2 3 4 |  4.0
Summonings     | 1 2 3 4 |  4.0
Necromancy     | 1 2 3 4 |  4.0
Translocations | 1 2 3 4 |  4.0
Fire Magic     | 1 2 3 4 |  4.0
Ice Magic      | 1 2 3 4 |  4.0
Air Magic      | 1 2 3 4 |  4.0
Earth Magic    | 1 2 3 4 |  4.0
Poison Magic   | 1 2 3 4 |  4.0
Fighting       | 3 4 5 |  5.6
Transmutations | 4 5 |  5.6
Dodging        | 5 6 |  6.8
Unarmed Combat | 7 8 |  8.2

Action                   |  1- 3 |  4- 6 |  7- 9 || total
-------------------------+-------+-------+-------++-------
Melee: Unarmed           |    32 |   104 |   332 ||   468
       Kick              |    21 |     1 |       ||    22
       Punch             |     5 |       |       ||     5
       Headbutt          |    11 |       |       ||    11
       Bite              |     7 |       |       ||     7
       Short sword       |    53 |     4 |       ||    57
       Dagger            |     8 |       |       ||     8
       Rapier            |       |     3 |     5 ||     8
 Cast: Beastly Appendage |    15 |     2 |       ||    17
       Spider Form       |     2 |    28 |    49 ||    79
       Wereblood         |       |     2 |     9 ||    11
  Use: Scroll            |       |       |    13 ||    13
       Potion            |       |       |     2 ||     2
 Stab: Sleeping          |     1 |     2 |     4 ||     7
       Distracted        |       |       |     2 ||     2
Armor: Robe              |    10 |       |    13 ||    23
       Skin              |       |    11 |    19 ||    30
Dodge: Dodged            |    66 |    90 |   449 ||   605

Table legend: (Time is in decaauts)
 A = Elapsed time spent in this place.
 B = Non-inter-level travel time spent in this place.
 C = Inter-level travel time spent in this place.
 D = Time resting spent in this place.
 E = Time spent auto-exploring this place.
 F = Levels seen in this place.
 G = Mean time per level.
                   A        B        C        D        E       F      G
               +--------+--------+--------+--------+--------+-----+--------+
         Total |   6353 |   6192 |    161 |    199 |   4344 |   9 |  705.9 |
       Dungeon |   5781 |   5647 |    134 |    160 |   4182 |   7 |  825.9 |
        Temple |    208 |    181 |     27 |      0 |    162 |   1 |  208.0 |
         Sewer |    363 |    363 |      0 |     39 |      0 |   1 |  363.0 |
               +--------+--------+--------+--------+--------+-----+--------+

Top non-repeatable levels by time:
     D:4: 1138 daAuts
     D:6: 1032 daAuts
     D:5: 979 daAuts
     D:3: 967 daAuts
     D:2: 966 daAuts
     D:1: 621 daAuts
   Sewer: 363 daAuts
  Temple: 208 daAuts
     D:7: 76 daAuts
